 Dungeon Crawl Stone Soup version 0.26.1-11-gd32895ea62 (webtiles) character file.

Game seed: 2933615280818951883

12403 Almogavar the Carver (level 11, -2/151 HPs)
             Began as a Minotaur Berserker on July 8, 2021.
             Was a High Priest of Trog.
             Slain by a vault guard
             ... wielding a +2 long sword of draining
              (6 damage)
             ... on level 13 of the Dungeon.
             The game lasted 00:30:19 (11276 turns).

Almogavar the Carver (Minotaur Berserker)          Turns: 11276, Time: 00:30:20

Health: -2/151     AC: 13    Str: 26    XL:     11   Next: 62%
Magic:  10/10      EV: 17    Int:  4    God:    Trog [*****.]
Gold:   649        SH:  5    Dex: 15    Spells: 10/10 levels left

rFire    . . .     SeeInvis +   N - +5 falchion (curse)
rCold    . . .     Faith    .   C - +0 buckler
rNeg     . . .     Spirit   .   G - +0 swamp dragon scales
rPois    +         Reflect  .   (helmet restricted)
rElec    .         Harm     .   J - +1 cloak
rCorr    .         Rampage  .   m - +0 pair of gloves
Will     .....                  (no boots)
Stlth    ..........             I - amulet of magic regeneration
HPRegen  0.35/turn              i - ring of see invisible
MPRegen  0.37/turn              L - +6 ring of dexterity

@: berserking (expiring), very quick
A: retaliatory headbutt, horns 2
a: Renounce Religion, Berserk, Trog's Hand, Brothers in Arms


You were on level 13 of the Dungeon.
You worshipped Trog.
Trog was extremely pleased with you.
You visited 1 branch of the dungeon, and saw 11 of its levels.

You collected 649 gold pieces.

Inventory:

Hand Weapons
 o - a +0 war axe of flaming
 A - a +0 hunting sling
 B - a +0 trident of venom
 N - a cursed +5 falchion (weapon)
Missiles
 d - 293 stones
 j - 80 bolts
 w - 151 sling bullets
Armour
 c - a +0 chain mail
 k - a cursed +0 kite shield
 m - a +0 pair of gloves (worn)
 C - a +0 buckler (worn)
 G - +0 swamp dragon scales (worn)
 J - a +1 cloak (worn)
Jewellery
 e - an uncursed ring of ice
 i - a ring of see invisible (left hand)
 n - an uncursed ring of positive energy
 y - an uncursed ring of resist corrosion
 D - an uncursed ring of protection from fire
 H - an uncursed ring of fire
 I - an amulet of magic regeneration (around neck)
 L - a +6 ring of dexterity (right hand)
Wands
 a - a wand of flame (15)
 g - a wand of digging (5)
 s - a wand of polymorph (6)
 M - a wand of random effects (25)
Scrolls
 p - 5 scrolls of enchant armour
 v - a scroll of fear
 x - 3 scrolls of remove curse
 z - a scroll of fog
Potions
 b - a potion of curing
 f - 2 potions of flight
 h - 2 potions of haste
 l - a potion of resistance
 t - 2 potions of cancellation {unknown}
 u - a potion of heal wounds
 E - a potion of ambrosia {unknown}
Miscellaneous
 q - a lightning rod (2/4)


   Skills:
 + Level 10.3 Fighting
 + Level 14.7 Long Blades
 - Level 7.5 Armour
 + Level 9.1 Dodging
 - Level 5.0 Shields
 + Level 2.4 Evocations


You had 10 spell levels left.
You didn't know any spells.
Your spell library was empty.

Dungeon Overview and Level Annotations

Branches:
Dungeon (10/15)            Temple (0/1) D:6            Lair (0/6) D:8
    Orc (0/2) D:9

Altars:
Cheibriados
Fedhas
Gozag
Hepliaklqana
Kikubaaqudgha
Qazlal
Ru
Trog
Uskayaw
Vehumet
Wu Jian
Xom
Yredelemnul
Zin
The Shining One

Shops:
D:8 (


Innate Abilities, Weirdness & Mutations

You reflexively headbutt those who attack you in melee.
You have a pair of horns on your head.


Message History

Your skin stops crawling.
You feel less strong-willed. The slime creature hits you!
* * * LOW HITPOINT WARNING * * *
The vault guard misses you.
You riposte.
You slice the vault guard!!
The vault guard is severely wounded.
The howler monkey hoots and howls with incredible vigour!
You hear a shout! x3
You are too berserk!
You barely miss the vault guard.
The vault guard is severely wounded.
Unknown command.
The vault guard blocks your attack.
The vault guard is severely wounded.
The orc misses you.
The slime creature hits you but does no damage.
Unknown command.
You closely miss the vault guard. You headbutt the vault guard!!
The vault guard is almost dead.
The vault guard hits you with a +2 long sword of draining.
You die...

,,,,,,.,****,......#***,,**
**,, ,,,,,,..#****#....#*
**,,* *,,* ****,,....**
#o.o#* *,,****,,*
***,,,.....**#.o#*
**,,**,,**
*,,,,,......##..# *,,,,,**
,,,,,,........>.# **,,,**
,,,,,,........)o## *,,**
,,,,,,........hpJ### **,* *
,,,,,,.........)@((## *** *
,,,,,,.......#..##((# *
******###############


You could see a vault guard, a slime creature, a howler monkey (catching
breath), an orc wizard and 2 orcs.

Vanquished Creatures
  2 centaur warriors (D:13)
  An unseen horror (D:6)
  A deep elf archer (D:13)
  An ugly thing (D:6)
  A cyclops (D:13)
  A centaur zombie (D:13)
  Maggie (D:7)
  A troll (D:9)
  2 slime creatures (D:13)
  3 wyverns (D:8)
  4 yaks (D:8)
  A basilisk (D:8)
  3 water moccasins (D:8)
  Duvessa (D:7)
  2 ice beasts
  An orc warrior (D:8)
  A necrophage (D:9)
  4 sky beasts
  3 phantoms
  6 ogres
  9 centaurs
  3 big kobolds
  3 bullfrogs
  Dowan (D:7)
  A water moccasin zombie (D:7)
  2 wyvern zombies
  4 scorpions
  11 wights
  A howler monkey (D:10)
  4 crimson imps (D:4)
  2 quasits
  A bullfrog zombie (D:13)
  A jelly (D:7)
  7 orc priests
  2 hounds
  11 orc wizards
  A bullfrog skeleton (D:13)
  Crazy Yiuf (D:7)
  4 iguanas
  7 worker ants
  A hound zombie (D:6)
  A hound skeleton (D:6)
  Robin (D:3)
  2 worker ant zombies
  3 gnolls (D:4)
  11 adders
  2 howler monkey skeletons
  2 shadow imps
  3 white imps
  3 oozes
  An adder skeleton (D:5)
  A worm (D:4)
  5 dart slugs (D:1)
  10 leopard geckos
  58 orcs
  10 bats
  5 giant cockroaches
  11 goblins
  14 hobgoblins
  16 jackals
  25 kobolds
  9 quokkas
  7 frilled lizards
  A leopard gecko zombie (D:5)
  A quokka skeleton (D:6)
  A quokka zombie (D:9)
  5 rats
325 creatures vanquished.

Vanquished Creatures (collateral kills)
  A centaur warrior (D:13)
  A tengu conjurer (D:13)
  A troll (D:13)
  3 meliai (D:13)
  3 slime creatures (D:13)
  An orc warrior (D:13)
  2 centaurs (D:13)
  A howler monkey (D:13)
  An orc priest (D:13)
  2 orcs (D:13)
16 creatures vanquished.

Vanquished Creatures (others)
  A wizard (D:8)
  4 fungi (D:8)
  15 plants (D:8)
20 creatures vanquished.

Grand Total: 361 creatures vanquished

Notes
Turn   | Place    | Note
-------+----------+-------------------------------------------
     0 | D:1      | Almogavar the Minotaur Berserker began the quest for the
                  | Orb.
     0 | D:1      | Reached XP level 1. HP: 19/19 MP: 0/0
   170 | D:1      | Reached XP level 2. HP: 25/27 MP: 1/1
   226 | D:1      | Reached skill level 4 in Long Blades
   423 | D:1      | Reached XP level 3. HP: 13/33 MP: 2/2
   661 | D:1      | Reached ** piety under Trog
  1143 | D:2      | Found a radiant altar of Vehumet.
  1473 | D:2      | Found a blossoming altar of Fedhas.
  1571 | D:2      | Reached XP level 4. HP: 41/41 MP: 3/3
  1676 | D:2      | Found a hazy altar of Hepliaklqana.
  1682 | D:2      | Found an ornate altar of the Wu Jian Council.
  1756 | D:2      | Reached skill level 5 in Long Blades
  2298 | D:3      | Noticed Robin
  2312 | D:3      | Reached *** piety under Trog
  2314 | D:3      | Killed Robin
  2660 | D:3      | Found a faded altar of an unknown god.
  2768 | D:3      | Reached XP level 5. HP: 44/47 MP: 4/4
  3984 | D:4      | Reached skill level 6 in Long Blades
  3989 | D:4      | Reached XP level 6. HP: 39/53 MP: 5/5
  4213 | D:4      | Reached **** piety under Trog
  4214 | D:4      | Reached skill level 5 in Armour
  4224 | D:4      | Reached skill level 5 in Fighting
  4323 | D:4      | Found a glowing silver altar of Zin.
  4421 | D:4      | Found a shimmering altar of Xom.
  4430 | D:4      | Reached XP level 7. HP: 58/61 MP: 6/6
  4520 | D:4      | Reached skill level 7 in Long Blades
  4890 | D:5      | Entered Level 5 of the Dungeon
  5091 | D:5      | Found a snail-covered altar of Cheibriados.
  5322 | D:5      | Reached skill level 8 in Long Blades
  5323 | D:5      | Reached XP level 8. HP: 64/70 MP: 7/7
  5607 | D:5      | Found a stormy altar of Qazlal.
  6411 | D:6      | Found a staircase to the Ecumenical Temple.
  6416 | D:6      | Reached skill level 9 in Long Blades
  6446 | D:6      | Noticed an unseen horror
  6454 | D:6      | Killed an unseen horror
  6455 | D:6      | Reached skill level 5 in Dodging
  6455 | D:6      | Reached skill level 1 in Shields
  6455 | D:6      | Reached XP level 9. HP: 74/78 MP: 8/8
  6555 | D:6      | Reached skill level 10 in Long Blades
  6648 | D:6      | Reached ***** piety under Trog
  7253 | D:6      | Noticed a brown ugly thing
  7266 | D:6      | Killed a green ugly thing
  7469 | D:7      | Noticed Maggie
  7500 | D:7      | Killed Maggie
  7501 | D:7      | Reached skill level 11 in Long Blades
  7741 | D:7      | Noticed Duvessa
  7741 | D:7      | Noticed Dowan
  7752 | D:7      | Killed Duvessa
  7756 | D:7      | Killed Dowan
  8113 | D:7      | Reached XP level 10. HP: 53/88 MP: 9/9
  8473 | D:7      | Found a hide-covered altar of Uskayaw.
  8473 | D:7      | Noticed a +0 hand axe
  8473 | D:7      | Noticed a -2 hand axe
  8582 | D:7      | Reached skill level 1 in Evocations
  8689 | D:7      | Found a runed translucent door.
  8690 | D:7      | Noticed Crazy Yiuf
  8874 | D:7      | Killed Crazy Yiuf
  9099 | D:8      | Received a gift from Trog
  9103 | D:8      | Reached skill level 12 in Long Blades
  9690 | D:8      | Found a staircase to the Lair.
  9903 | D:8      | Found a bloodstained altar of Trog.
  9905 | D:8      | Noticed a wizard
  9909 | D:8      | Killed a wizard
 10070 | D:8      | Found Putt's Antique Weapon Emporium.
 10434 | D:9      | Found a staircase to the Orcish Mines.
 10471 | D:9      | Reached skill level 13 in Long Blades
 10493 | D:9      | Reached skill level 5 in Shields
 10701 | D:9      | Found an opulent altar of Gozag.
 10924 | D:9      | Found a glowing golden altar of the Shining One.
 10939 | D:9      | Found an ancient bone altar of Kikubaaqudgha.
 10993 | D:9      | Reached XP level 11. HP: 95/97 MP: 10/10
 11032 | D:9      | Found a basalt altar of Yredelemnul.
 11047 | D:9      | Found a sacrificial altar of Ru.
 11093 | D:10     | Entered Level 10 of the Dungeon
 11168 | D:10     | You fall into a shaft and drop 3 floors!
 11168 | D:13     | Noticed a vault guard
 11169 | D:13     | Noticed a centaur warrior
 11185 | D:13     | Killed a centaur warrior
 11215 | D:13     | Noticed a centaur warrior
 11217 | D:13     | Killed a centaur warrior
 11218 | D:13     | Reached skill level 14 in Long Blades
 11220 | D:13     | Noticed a centaur warrior
 11249 | D:13     | Reached skill level 10 in Fighting
 11250 | D:13     | Noticed a deep elf archer
 11256 | D:13     | Killed a centaur warrior
 11264 | D:13     | Noticed a vault guard
 11269 | D:13     | Killed a deep elf archer
 11273 | D:13     | HP: 3/151 [slime creature (8)]
 11276 | D:13     | Slain by a vault guard

Illustrated notes

Levels and vault maps discovered:
D:1:      minmay_arrival_doors, layout_loops_ring, grunt_decor_one_mirror,
          st_stairs_11, minmay_pentomino_t4
D:2:      layout_basic, fedhas_altar_fruit_tree, vehumet_crystals, minitemple
D:3:      layout_basic, serial_aquarium, aquarium_bridge_long_joined
          [aquarium_subvault_balcony, aquarium_subvault_bridge,
          aquarium_subvault_wall, aquarium_subvault_bridge,
          aquarium_subvault_wall, aquarium_subvault_wall],
          aquarium_window_corridor_3, aquarium_window_fake,
          aquarium_window_fake, aquarium_view_2c,
          chequers_ecumenical_altar_simple_redux, uniq_robin
D:4:      layout_loops_cross, led_xom_imps, nicolae_overflow_hidden_temple
D:5:      layout_basic, kennysheep_little_box, basic_altar, grunt_ministairs_6
D:6:      layout_cave_pools, minmay_temple_entry_drinking_statues, hex_large
D:7:      layout_basic, dancing_weapons_uskayaw,
          minmay_fractal_squares_diagonal_5, uniq_duvessa, uniq_maggie,
          uniq_crazy_yiuf_cottage
D:8:      layout_basic, minmay_lair_entry_grove, serial_shops, shop, trog_wizard
D:9:      layout_roguey, nicolae_gozag_cash_rules_everything_around_me,
          nicolae_overflow_quartered_altars, david_orc_2
D:10:     layout_roguey, basic_altar, uniq_fannar
D:13:     layout_layer_cave, grunt_vaults_entry_fortified

Skill      XL: |  1  2  3  4  5  6  7  8  9 10 11 |
---------------+----------------------------------+-----
Long Blades    | 4 5 6 8 9 11 13 14 | 14.7
Fighting       | 4 5 6 8 9 10 | 10.3
Armour         | 3 4 5 6 7 |  7.5
Dodging        | 3 4 5 7 8 9 |  9.1
Shields        | 1 3 5 |  5.0
Evocations     | 2 |  2.4

Action                   |  1- 3 |  4- 6 |  7- 9 | 10-12 || total
-------------------------+-------+-------+-------+-------++-------
Melee: Falchion          |    73 |   170 |   365 |   354 ||   962
       Headbutt          |    13 |    20 |    85 |    96 ||   214
Invok: Berserk           |       |     1 |     2 |     2 ||     5
       Trog's Hand       |       |       |     2 |     1 ||     3
       Brothers in Arms  |       |       |       |     3 ||     3
Evoke: Wand              |       |       |     4 |     7 ||    11
       Lightning rod     |       |       |       |     2 ||     2
  Use: Scroll            |     8 |     2 |     2 |     4 ||    16
       Potion            |       |       |       |     3 ||     3
Armor: Animal skin       |     9 |       |       |       ||     9
       Scale mail        |    17 |    56 |       |       ||    73
       Ring mail         |       |    10 |   106 |       ||   116
       Swamp dragon scal |       |       |    11 |    81 ||    92
Dodge: Dodged            |    42 |   122 |   177 |   174 ||   515
Block: Buckler           |       |       |    28 |    67 ||    95
       Rpst.: Falchion   |     7 |    32 |    57 |    36 ||   132
